 Dungeon Crawl Stone Soup version 0.26-a0-612-gd4d190f45e (webtiles) character file.

Game seed: 1840169553791544699

482 DogServant the Ducker (level 6, -2/48 HPs)
             Began as a Demonspawn Gladiator on Sept 9, 2020.
             Slain by an orc warrior
             ... wielding a +0 short sword
              (19 damage)
             ... on level 5 of the Dungeon.
             The game lasted 00:08:24 (3792 turns).

DogServant the Ducker (Demonspawn Gladiator)        Turns: 3792, Time: 00:08:24

Health: -2/48      AC:  5    Str: 16    XL:     6   Next: 87%
Magic:  6/6        EV: 14    Int:  9    God:
Gold:   261        SH:  0    Dex: 15    Spells: 5/5 levels left

rFire    . . .     SeeInvis .   a - +0 long sword
rCold    . . .     Faith    .   (no shield)
rNeg     . . .     Spirit   .   b - +0 leather armour
rPois    .         Reflect  .   q - +0 helmet
rElec    .         Harm     .   (no cloak)
rCorr    .                      (no gloves)
MR       +....                  (no boots)
Stlth    +.........             f - amulet of regeneration
HPRegen  0.56/turn              h - ring of protection from magic
MPRegen  0.10/turn              (no ring)

@: confused, very slightly contaminated, invisible
A: sharp scales 1
a: no special abilities


You were on level 5 of the Dungeon.
You visited 1 branch of the dungeon, and saw 5 of its levels.

You collected 261 gold pieces.

Inventory:

Hand Weapons
 a - a +0 long sword (weapon)
 r - a +0 vorpal mace
Missiles
 d - 3 throwing nets
 j - 13 poisoned darts (quivered)
Armour
 b - a +0 leather armour (worn)
 c - a +0 helmet
 n - a +0 helmet
 q - a +0 helmet (worn)
 s - a +0 scale mail
Magical Staves
 e - an uncursed staff of cold
Jewellery
 f - an amulet of regeneration (around neck)
 h - a ring of protection from magic (left hand)
Scrolls
 g - 6 scrolls of teleportation
 i - 4 scrolls of identify
 k - 4 scrolls of enchant weapon
 l - a scroll of fear {unknown}
 m - 2 scrolls of fog {unknown}
 p - 3 scrolls of amnesia {unknown}
 v - a scroll of remove curse {unknown}
 y - a scroll of vulnerability {unknown}
Potions
 u - a potion of stabbing {unknown}
 w - a potion of resistance {unknown}
 x - 2 potions of mutation {unknown}
 z - a potion of haste {unknown}


   Skills:
 + Level 3.9 Fighting
 + Level 4.3 Long Blades
 - Level 1.7 Throwing
 + Level 2.8 Armour
 + Level 4.3 Dodging


You had 5 spell levels left.
You didn't know any spells.
Your spell library was empty.

Dungeon Overview and Level Annotations

Branches:
Dungeon (5/15)             Temple (0/1) D:4

Altars:
Dithmenos
Elyvilon
Okawaru
Ru
Trog
Wu Jian


Innate Abilities, Weirdness & Mutations

You are partially covered in razor-sharp scales. (AC +1, Slay +1)


Message History

The orc warrior hits you with a +0 short sword.
* * * LOW HITPOINT WARNING * * *
Okay, then.
Okay, then.
It was a potion of ambrosia.
You are confused.
You feel invigorated. The orc warrior barely misses you.
It was a potion of invisibility.
You fade into invisibility!
The orc warrior hits you with a +0 short sword!
* * * LOW HITPOINT WARNING * * *
You are very lightly contaminated with residual magic.
You hit the orc warrior but do no damage.
The orc warrior is heavily wounded.
The orc warrior hits you with a +0 short sword!
* * * LOW HITPOINT WARNING * * *
You bump into the rock wall.
The orc warrior barely misses you.
You bump into the rock wall.
The orc warrior hits you with a +0 short sword!!
You die...

.#. ##### ... ... . .. #.#
.. #.## #@# ... ###.#... #
#o# .... ....#..######.
#o# .....
....#.........##.###..!...
#....####..............
#....+.........).<.....
#....###.####.###......
#..........##.# ......
#.....##.#.##.# .....


You could see an orc warrior and an orc.

Vanquished Creatures
  A centaur (D:5)
  2 scorpions
  An orc priest (D:4)
  2 orc wizards
  2 worker ants
  6 adders
  A shadow imp (D:5)
  5 leopard geckos
  13 orcs
  9 giant cockroaches
  11 hobgoblins
  4 jackals
  4 quokkas
  13 bats
  7 frilled lizards
  8 goblins
  4 kobolds
  7 rats
100 creatures vanquished.

Notes
Turn   | Place    | Note
-------+----------+-------------------------------------------
     0 | D:1      | DogServant the Demonspawn Gladiator began the quest for the
                  | Orb.
     0 | D:1      | Reached XP level 1. HP: 16/16 MP: 1/1
   161 | D:1      | Gained mutation: You are partially covered in razor-sharp
                  | scales. (AC +1, Slay +1) [demonic ancestry]
   161 | D:1      | Reached XP level 2. HP: 22/22 MP: 2/2
   906 | D:2      | Reached XP level 3. HP: 27/27 MP: 3/3
   919 | D:2      | Found an iron altar of Okawaru.
   920 | D:2      | Found a white marble altar of Elyvilon.
   920 | D:2      | Found a sacrificial altar of Ru.
  1042 | D:2      | Found a faded altar of an unknown god.
  1049 | D:2      | Reached skill level 1 in Armour
  1483 | D:2      | Reached XP level 4. HP: 32/34 MP: 4/4
  2308 | D:3      | Reached XP level 5. HP: 26/41 MP: 5/5
  2606 | D:3      | Found a bloodstained altar of Trog.
  2625 | D:3      | Found an ornate altar of the Wu Jian Council.
  3005 | D:4      | Reached XP level 6. HP: 33/47 MP: 6/6
  3110 | D:4      | Found a shadowy altar of Dithmenos.
  3422 | D:4      | Found a staircase to the Ecumenical Temple.
  3533 | D:5      | Entered Level 5 of the Dungeon
  3768 | D:5      | Noticed an orc warrior
  3792 | D:5      | Slain by an orc warrior

Illustrated notes

Levels and vault maps discovered:
D:1:      minmay_arrival_hallway, layout_basic, minmay_tetromino_o2
D:2:      layout_basic, grunt_temple_overflow_open,
          chequers_ecumenical_altar_simple, minmay_ruptured
D:3:      layout_basic, amethyst_overflow_temple_binary
D:4:      layout_basic, nicolae_dithmenos_shadow_blocks,
          lemuel_temple_firewalk_a
D:5:      layout_basic, minmay_a_box_with_orc_wizards_in_it

Skill      XL: |  1  2  3  4  5  6 |
---------------+-------------------+-----
Dodging        | 3 4 |  4.3
Long Blades    | 3 4 |  4.3
Armour         | 1 2 |  2.8
Fighting       | 3 |  3.9
Throwing       | |  1.7

Action                   |  1- 3 |  4- 6 || total
-------------------------+-------+-------++-------
Melee: Long sword        |    93 |   176 ||   269
  Use: Scroll            |       |     4 ||     4
       Potion            |       |     3 ||     3
Armor: Leather armour    |    43 |    42 ||    85
Dodge: Dodged            |    95 |   170 ||   265
       Rpst.: Long sword |    31 |    48 ||    79

Table legend: (Time is in decaauts)
 A = Elapsed time spent in this place.
 B = Non-inter-level travel time spent in this place.
 C = Inter-level travel time spent in this place.
 D = Time resting spent in this place.
 E = Time spent auto-exploring this place.
 F = Levels seen in this place.
 G = Mean time per level.
                   A        B        C        D        E       F      G
               +--------+--------+--------+--------+--------+-----+--------+
         Total |   3852 |   3710 |    142 |    449 |   2440 |   5 |  770.4 |
       Dungeon |   3852 |   3710 |    142 |    449 |   2440 |   5 |  770.4 |
               +--------+--------+--------+--------+--------+-----+--------+

Top non-repeatable levels by time:
     D:2: 1106 daAuts
     D:3: 1033 daAuts
     D:1: 858 daAuts
     D:4: 589 daAuts
     D:5: 265 daAuts
